 Dungeon Crawl Stone Soup version 0.17.0-28-g6e173f8 (webtiles) character file.

53 dvd the Scratcher (level 3, -1/15 HPs)
             Began as a Felid Transmuter on Nov 27, 2015.
             Killed from afar by Terence (5 damage)
             ... with a wand of magic darts
             ... on level 2 of the Dungeon.
             The game lasted 00:05:55 (1827 turns).

dvd the Scratcher (Felid Transmuter)                Turns: 1827, Time: 00:05:55

Health: -1/15      AC:  1    Str:  6    XL:     3   Next: 64%
Magic:  6/7        EV: 18    Int: 15    God:
Gold:   101        SH:  0    Dex: 16    Spells: 1 memorised, 5 levels left
                                        Lives:  0   Deaths: 0

rFire  . . .     SeeInvis +       - Unarmed
rCold  . . .     Clarity  .     (armour unavailable)
rNeg   . . .     SustAt   .     (shield unavailable)
rPois  .         Gourm    .     (helmet unavailable)
rElec  .         Spirit   .     (cloak unavailable)
rCorr  .         Warding  .     (gloves unavailable)
rMut   .         Stasis   .     (boots unavailable)
MR     +....                    (no amulet)
Stlth  ++........               (no ring)
                                o - ring of protection from magic

@: appendage, quick, somewhat resistant to hostile enchantments, unstealthy
A: no armour, no weapons or thrown items, claws 1, fangs 3, horns 2, see
invisible, carnivore 3, speed 1, shaggy fur 1, slow metabolism 1, sharp paws
a: End Transformation


You were on level 2 of the Dungeon.
You were completely stuffed.
You had grown temporary horns.
You visited 1 branch of the dungeon, and saw 2 of its levels.

You collected 101 gold pieces.

Inventory:

Missiles
 a - 12 arrows
Jewellery
 o - a ring of protection from magic (left paw)
Scrolls
 d - 3 scrolls of random uselessness {unknown}
 e - 2 scrolls of identify {unknown}
 h - a scroll of fear {unknown}
 i - 2 scrolls of teleportation {unknown}
 p - a scroll of remove curse {unknown}
Potions
 f - a potion of might {unknown}
 g - a potion of brilliance {unknown}
 j - a potion of magic {unknown}
 l - a potion of curing {unknown}
 m - 2 potions of resistance {unknown}
 n - a potion of haste {unknown}
Books
 b - a book of Changes

   Spells                             Type                      Level
   a - Beastly Appendage              Transmutation                1
   b - Sticks to Snakes               Transmutation                2
   c - Spider Form                    Transmutation/Poison         3
   d - Ice Form                       Ice/Transmutation            4
   e - Blade Hands                    Transmutation                5
Comestibles
 c - 2 meat rations
 k - a slice of pizza


   Skills:
 + Level 1.2 Fighting
 + Level 3.1 Dodging
 + Level 1.5 Stealth
 + Level 3.6 Unarmed Combat
 + Level 2.3 Spellcasting
 + Level 2.8 Transmutations


You had 5 spell levels left.
You knew the following spells:

 Your Spells              Type           Power        Failure   Level  Hunger
a - Beastly Appendage     Trmt           ##....       10%         1    #......


Dungeon Overview and Level Annotations

Branches:
Dungeon (2/15)

Altars:

Annotations:
D:2 Terence


Innate Abilities, Weirdness & Mutations

You cannot wear armour.
You are incapable of wielding weapons or throwing items.
You have sharp claws.
You have razor-sharp teeth.
You have supernaturally acute eyesight.
You are carnivorous and can eat meat at any time.
You cover ground quickly.
You are covered in fur (AC +1).
You have a slow metabolism.
Your sharp claws are effective at attacking unaware monsters.
You have a pair of horns on your head.


Message History

You scratch the adder.
The adder is almost dead.
Terence shouts!
The adder barely misses you.
Terence zaps a wand.
The magic dart hits you!
It is a wand of magic darts.
Your transformation is almost over.
Terence zaps a wand.
The magic dart hits you!
* * * LOW HITPOINT WARNING * * *
The adder completely misses you.
You scratch the adder.
You kill the adder!
A rat comes into view.
Your horns disappear.
Casting: Beastly Appendage
Confirm with . or Enter, or press ? or * to list all spells.
You grow a pair of large bovine horns.
You claw the rat!
You kill the rat!
Terence zaps a wand.
The magic dart hits you!
You die...

#......##.##.###
###..
....###.##....#
#.# ## #.####@.#
#.# #.####..# #.#
#.......# #.. #
######†##########
####. #.#
#.......
......#######@#
#......#
#..@......#
#......#
###########
#....... #......#
##..)... #.#####
#.# # ###.### #
#.....###
#.....##.


You could see Terence.

Vanquished Creatures
  An adder (D:2)
  An ooze (D:1)
  2 giant geckos
  4 bats (D:1)
  2 giant cockroaches
  4 hobgoblins
  5 jackals (D:1)
  6 kobolds
  A giant newt (D:1)
  4 goblins
  4 rats
34 creatures vanquished.

Notes
Turn   | Place    | Note
--------------------------------------------------------------
     0 | D:1      | dvd the Felid Transmuter began the quest for the Orb.
     0 | D:1      | Reached XP level 1. HP: 9/9 MP: 4/4
   230 | D:1      | Reached XP level 2. HP: 6/12 MP: 6/6
   908 | D:1      | Reached skill level 1 in Stealth
  1286 | D:1      | Reached XP level 3. HP: 15/15 MP: 5/7
  1788 | D:2      | Found a faded altar to an unknown god.
  1797 | D:2      | Noticed Terence
  1827 | D:2      | Killed from afar by Terence

Action                   || total
-------------------------++-------
Melee: Unarmed           ||    85
 Cast: Beastly Appendage ||    22
 Stab: Sleeping          ||     4
  Eat: Chunk             ||     9
